AoeStats
← mtv

Migration

509365836Analyzed
1v1 RM · 6d ago on Sep 26, 2026· 44m 38s· 2 players
Game mode
Random Map
Map size
132×132
Population
200
Speed
Normal
Resources
Standard
Victory
Conquest
Starting age
Dark Age
Ending age
Imperial Age
RankedLock teamsTeams togetherTeam positionsShared explorationLock speedFull tech treeHidden civsTurbo modeCheats
Victory
Defeat
🇳🇴 Bengalis · Norway
879
+15
🇪🇸 Sicilians · Spain
867
-15
mtv
11:25 Feudal Age
17:53 Castle Age
17:20 Wheelbarrow
21:30 Horse Collar
24:29 Scale Barding Armor
25:59 Forging
26:15 Fletching
26:26 Pikeman
27:54 Padded Archer Armor
27:22 Elite Skirmisher
30:47 Leather Archer Armor
31:46 Bodkin Arrow
32:37 Double-Bit Axe
32:41 Loom
zubovic4
10:32 Loom
13:34 Feudal Age
14:38 Fishing Lines
18:10 Castle Age
16:19 Double-Bit Axe
17:44 Gold Mining
19:32 Horse Collar
21:35 Wheelbarrow
21:17 Fletching
22:00 Padded Archer Armor
24:21 Ballistics
25:13 Bodkin Arrow
28:14 Leather Archer Armor
31:21 Masonry
34:39 Murder Holes
35:15 Paiks
38:27 Imperial Age
43:48 Bracer
45:26 Fervor
Connection lost

Rejoining the realm…

Still unreachable

The connection could not be restored.

Session expired

The server has moved on; the page needs a fresh start.